 Dungeon Crawl Stone Soup version 0.24-a0-292-g5c6fb1cd70 (webtiles) character file.

Game seed: 10874305369487844205

7 HAL9000 the Sneak (level 1, 0/9 HPs)
             Began as a Spriggan Enchanter on May 11, 2019.
             Slain by a gnoll
             ... wielding a +0 club
              (9 damage)
             ... on level 1 of the Dungeon.
             The game lasted 00:00:29 (437 turns).

HAL9000 the Sneak (Spriggan Enchanter)               Turns: 437, Time: 00:00:29

Health: 0/9        AC:  2    Str:  4    XL:     1   Next: 91%
Magic:  4/5        EV: 18    Int: 16    God:
Gold:   28         SH:  0    Dex: 16    Spells: 4/5 levels left

rFire    . . .     SeeInvis +   a - +1 dagger
rCold    . . .     Gourm    .   (shield restricted)
rNeg     . . .     Faith    .   b - +0 robe
rPois    .         Spirit   .   (helmet restricted)
rElec    .         Reflect  .   (no cloak)
rCorr    .         Harm     .   (gloves unavailable)
MR       .....                  (boots unavailable)
Stlth    +++.......             (no amulet)
HPRegen  0.03/turn              (no ring)
MPRegen  0.09/turn              (no ring)

@: very quick
A: very small, unfitting armour, see invisible, herbivore, speed 3, slow
metabolism 2
a: no special abilities


You were on level 1 of the Dungeon.
You were not hungry.

You visited 1 branch of the dungeon, and saw 1 of its levels.

You collected 28 gold pieces.

Inventory:

Hand Weapons
 a - a +1 dagger (weapon)
Armour
 b - a +0 robe (worn)
Scrolls
 e - a scroll of teleportation {unknown}
Potions
 c - a potion of degeneration {unknown}
Comestibles
 d - a ration


   Skills:
 + Level 1.1 Short Blades
 - Level 3.0 Dodging
 - Level 4.4 Stealth
 - Level 2.6 Spellcasting
 + Level 4.2 Hexes


You had 4 spell levels left.
You knew the following spells:

 Your Spells              Type           Power        Failure   Level  Hunger
a - Corona                Hex            ###....      3%          1    #......

Your spell library contained the following spells:

 Spells                   Type           Power        Failure   Level  Hunger
 Confuse                  Hex            ###.....     10%         3    ###....
 Tukima's Dance           Hex            ###.....     10%         3    ###....
 Ensorcelled Hibernation  Hex/Ice        #.....       12%         2    ##.....
 Dazzling Spray           Conj/Hex       #.....       24%         3    ###....


Dungeon Overview and Level Annotations

Branches:
Dungeon (1/15)

Altars:


Innate Abilities, Weirdness & Mutations

You are very small and have problems with some larger weapons.
You are too small for most types of armour.
You have supernaturally acute eyesight. (SInv)
You are a herbivore.
You cover ground extremely quickly.
You need to consume almost no food.


Message History

Okay, then.
You start resting.
HP restored.
Found an escape hatch in the floor.
There is an escape hatch in the floor here.
Found 28 stones.
A gnoll comes into view. It is wielding a +0 club.
The gnoll hits you but does no damage.
You barely miss the gnoll.
Casting: Corona (safe; 3% risk of failure)
Confirm with . or Enter, or press ? or * to list all spells.
Aiming: Corona (safe; 3% risk of failure)
Press: ? - help, Shift-Dir - straight line, f - gnoll
Aim: a gnoll, wielding a +0 club (chance to defeat MR: 61%)
The gnoll is outlined in light.
You hit the gnoll.
The gnoll is lightly wounded.
The gnoll hits you with a +0 club!
Ouch! That really hurt!
You die...

#.....# #+ #.#####
##.# #.# # ..# #.#
#.####.## #.#
#......(## #.#
##.##.....# #.#
.........#######.#
#.......g@>.....#
#.####.##########
#.# ..# ####


You could see a gnoll.

Vanquished Creatures
  An ooze (D:1)
  A giant cockroach (D:1)
  A kobold (D:1)
3 creatures vanquished.

Notes
Turn   | Place    | Note
-------+----------+-------------------------------------------
     0 | D:1      | HAL9000 the Spriggan Enchanter began the quest for the Orb.
     0 | D:1      | Reached XP level 1. HP: 9/9 MP: 5/5
   437 | D:1      | Slain by a gnoll

Levels and vault maps discovered:
D:1:      wander_arrival_chamber, layout_loops_corners, minmay_pentomino_o2

Skill      XL: |  1 |
---------------+----+-----
Hexes          | 4 |  4.2
Short Blades   | |  1.1
Dodging        | |  3.0
Stealth        | |  4.4
Spellcasting   | |  2.6

Action                   || total
-------------------------++-------
Melee: Dagger            ||    28
 Cast: Corona            ||     9
Armor: Robe              ||     4
Dodge: Dodged            ||    23

Table legend:
 A = Non-vault XP
 B = Vault XP
 C = Vault XP percentage of total XP
 D = Non-vault monster count
 E = Vault monster count
 F = Vault count percentage of total count
                 A         B        C        D         E       F
            +---------+---------+-------+---------+---------+-------
      Total |      11 |       0 |   0.0 |       3 |       0 |   0.0
            +---------+---------+-------+---------+---------+-------
        D:1 |      11 |       0 |   0.0 |       3 |       0 |   0.0
            +---------+---------+-------+---------+---------+-------
